 Dungeon Crawl Stone Soup version 0.25.0-15-gac7dcb8919 (webtiles) character file.

Game seed: 8877800084981046212

(classic levelgen) 21 EnegeticOcto the Skirmisher (level 2, 0/24 HPs)
             Began as a Mummy Berserker on June 28, 2020.
             Was a Follower of Trog.
             Slain by a jackal (1 damage)
             ... on level 1 of the Dungeon.
             The game lasted 00:00:30 (800 turns).

EnegeticOcto the Skirmisher (Mummy Berserker)        Turns: 800, Time: 00:00:30

Health: 0/24       AC:  2    Str: 20    XL:     2   Next: 62%
Magic:  2/2        EV: 12    Int:  6    God:    Trog [*.....]
Gold:   44         SH:  0    Dex: 11    Spells: 1/1 levels left

rFire    x . .     SeeInvis .   a - +0 spear
rCold    + . .     Gourm    .   (no shield)
rNeg     + + +     Faith    .   b - +0 animal skin
rPois    ∞         Spirit   .   (no helmet)
rElec    .         Reflect  .   (no cloak)
rCorr    .         Harm     .   (no gloves)
MR       .....                  (no boots)
Stlth    +.........             (no amulet)
HPRegen  0.08/turn              (no ring)
MPRegen  0.08/turn              (no ring)

@: no status effects
A: no food or potions, fire vulnerability, cold resistance 1, negative energy
resistance 3, torment resistance, unbreathing
a: Renounce Religion


You were on level 1 of the Dungeon.
You worshipped Trog.
Trog was aware of your devotion.
You were not hungry.

You visited 1 branch of the dungeon, and saw 2 of its levels.

You collected 44 gold pieces.

Inventory:

Hand Weapons
 a - a +0 spear (weapon)
Armour
 b - a +0 animal skin (worn)
Scrolls
 c - 2 scrolls of identify {unknown}
 d - a scroll of blinking {unknown}
 e - 2 scrolls of remove curse {unknown}
 f - a scroll of teleportation {unknown}


   Skills:
 + Level 3.3 Fighting
 * Level 3.0 Polearms
 - Level 1.5 Armour
 - Level 1.5 Dodging


You had one spell level left.
You didn't know any spells.
Your spell library was empty.

Dungeon Overview and Level Annotations

Branches:
Dungeon (2/15)

Altars:


Innate Abilities, Weirdness & Mutations

You do not eat or drink.
Your flesh is vulnerable to fire.
You are immune to poison.
Your flesh is cold resistant. (rC+)
You are immune to negative energy. (rN+++)
You are immune to unholy pain and torment.
You can survive without breathing.


Message History

Done exploring.
Done exploring.
Done exploring.
Done exploring.
No target in view!
No target in view!
(D) Dungeon
Where to? (? - help)
You see here a goblin corpse.
You open the door.
There is an open door here.
There is a stone staircase leading down here.
You climb downwards.
There is a stone staircase leading up here.
A goblin and a kobold come into view.
Found a spear.
There are monsters nearby!
There are monsters nearby!
There are monsters nearby!
You hit the kobold.
The kobold is moderately wounded.
A jackal comes into view.
The kobold barely misses you.
The jackal barks!
You hit the kobold.
You kill the kobold!
Trog accepts your kill.
A jackal comes into view.
A goblin comes into view. It is wielding a -1 dagger.
A kobold comes into view.
The goblin shouts!
You see here a kobold corpse.
A jackal comes into view.
You closely miss the jackal. The jackal bites you. The jackal misses you.
You closely miss the jackal. The jackal barely misses you.
You miss the kobold. The jackal bites you. The kobold hits you.
The jackal closely misses you.
There are monsters nearby!
There are monsters nearby!
There are monsters nearby!
You closely miss the kobold.
The jackal barks!
You hear a shout!
The goblin closely misses you. The kobold hits you but does no damage.
The jackal closely misses you.
You hear an angry hiss.
You closely miss the kobold. The goblin barely misses you.
A frilled lizard comes into view.
The kobold closely misses you.
You hit the kobold but do no damage.
A hobgoblin comes into view. It is wielding a +0 club.
The goblin hits you with a cursed -1 dagger.
The kobold closely misses you.
You completely miss the kobold. The goblin barely misses you.
The kobold hits you. The jackal misses you. The jackal closely misses you.
You are too injured to fight recklessly!
You are too injured to fight recklessly!
You are too injured to fight recklessly!
You are too injured to fight recklessly!
You are too injured to fight recklessly!
You are too injured to fight recklessly!
You are too injured to fight recklessly!
You are too injured to fight recklessly!
You see here a kobold corpse.
The jackal barely misses you. x2
The jackal barely misses you. The hobgoblin hits you with a +0 club.
The jackal barely misses you.
There is a stone staircase leading up here.
The frilled lizard closely misses you.
The jackal bites you but does no damage.
You climb upwards.
There is a stone staircase leading down here.
You barely miss the frilled lizard. The jackal barely misses you.
The frilled lizard bites you but does no damage.
You barely miss the frilled lizard. The jackal barely misses you.
The frilled lizard closely misses you. The jackal bites you.
You closely miss the frilled lizard. The frilled lizard misses you.
The jackal bites you.
You closely miss the frilled lizard.
The jackal bites you but does no damage.
The frilled lizard bites you. The jackal barely misses you.
You hit the frilled lizard.
The frilled lizard is heavily wounded.
The frilled lizard bites you.
* * * LOW HITPOINT WARNING * * *
The jackal barely misses you.
You hit the frilled lizard.
You kill the frilled lizard!
Trog accepts your kill. The jackal closely misses you. The jackal bites you.
* * * LOW HITPOINT WARNING * * *
You see here a frilled lizard corpse.
You hit the jackal but do no damage. The jackal closely misses you.
You closely miss the jackal. The jackal bites you.
* * * LOW HITPOINT WARNING * * *
You closely miss the jackal. The jackal bites you.
* * * LOW HITPOINT WARNING * * *
The jackal barely misses you. The jackal bites you.
You die...

#..............(......'....†.....
#.....................###########
#########...(.)...#####
.......##.........#
######.##..)......######
######.................# ####
....##...###...[.......### #...
....##...###.............#####.##
..<.##......>†.h@..............#
....##.##..............#.#######
....##.##....##........#.#
######.##.............##.#
######...................#
.....#....##........######
≈..8.#...................#
.....#........#.##...###.#
######........#.......##.#


You could see a jackal.

Vanquished Creatures
  A dart slug (D:1)
  2 bats (D:1)
  4 giant cockroaches (D:1)
  2 goblins (D:1)
  3 hobgoblins (D:1)
  2 kobolds
  3 frilled lizards (D:1)
17 creatures vanquished.

Notes
Turn   | Place    | Note
-------+----------+-------------------------------------------
     0 | D:1      | EnegeticOcto the Mummy Berserker began the quest for the
                  | Orb.
     0 | D:1      | Reached XP level 1. HP: 18/18 MP: 1/1
    50 | D:1      | Reached XP level 2. HP: 15/24 MP: 2/2
   511 | D:1      | Reached skill level 3 in Polearms
   797 | D:1      | HP: 1/24 [jackal (3)]
   800 | D:1      | Slain by a jackal

Illustrated notes

Levels and vault maps discovered:
D:1:      dpeg_arrival_rooms_c, layout_basic
D:2:      layout_rooms, first_ration

Skill      XL: |  1  2 |
---------------+-------+-----
Polearms       | 3 |  3.0
Fighting       | |  3.3
Armour         | |  1.5
Dodging        | |  1.5

Action                   || total
-------------------------++-------
Melee: Spear             ||    76
 Stab: Sleeping          ||     1
Armor: Animal skin       ||    24
Dodge: Dodged            ||    45
